 Dungeon Crawl Stone Soup version 0.31-a0-1308-ga3cce3a448 (webtiles) character file.

Game seed: 5272384428846043552

147 DApurpleWHUMPUS the Magician (level 5, -2/31 HPs)
             Began as a Deep Elf Air Elementalist on Dec 19, 2023.
             Slain by a gnoll
             ... wielding a +0 flail
             ... led by a gnoll bouda
              (6 damage)
             ... on level 4 of the Dungeon.
             The game lasted 00:05:49 (3558 turns).

DApurpleWHUMPUS the Magician (DEAE)                 Turns: 3558, Time: 00:05:50

Health: -2/31      AC:  2    Str:  5    XL:     5   Next: 8%
Magic:  9/14       EV: 13    Int: 20    God:
Gold:   207        SH:  0    Dex: 17    Spells: 4/14 levels left

rFire   . . .        (no weapon)
rCold   . . .        (no shield)
rNeg    . . .        a - +0 robe
rPois   .            (no helmet)
rElec   .            (no cloak)
rCorr   .            (no gloves)
SInv    .            (no boots)
Will    .....        (no amulet)
Stlth   ++           (no ring)
HPRegen 0.25/turn    (no ring)
MPRegen 0.14/turn

%: no passive effects
@: sluggish, very slightly contaminated, very slow
A: no striking features
a: no special abilities


You were on level 4 of the Dungeon.
You visited 1 branch of the dungeon, and saw 4 of its levels.

You collected 207 gold pieces.

Inventory:

Hand Weapons
 q - a +3 short sword
Armour
 a - a +0 robe (worn)
Jewellery
 i - a ring of flight
 k - an amulet of reflection
Scrolls
 c - 2 scrolls of vulnerability {unknown}
 d - a scroll of amnesia {unknown}
 g - a scroll of blinking {unknown}
 h - a scroll of noise {unknown}
 j - 3 scrolls of identify {unknown}
 l - a scroll of immolation {unknown}
 m - 2 scrolls of fog {unknown}
 o - a scroll of silence {unknown}
Potions
 e - a potion of curing {unknown}
 f - a potion of brilliance {unknown}
 n - a potion of mutation {unknown}
 p - a potion of degeneration {unknown}
 r - a potion of berserk rage {unknown}
 s - a potion of enlightenment {unknown}


   Skills:
 * Level 2.7 Fighting
 - Level 2.4 Dodging
 - Level 2.4 Stealth
 + Level 5.3 Spellcasting
 - Level 1.1 Conjurations
 - Level 3.0 Air Magic


You had 4 spell levels left.
You knew the following spells:

 Your Spells              Type           Power      Damage    Failure   Level
a - Shock                 Conj/Air       52%        1d6       4%          1
b - Swiftness             Air            17%        N/A       10%         3
c - Airstrike             Air            8%         2d(2-18)  32%         4
d - Static Discharge      Conj/Air       26%        3-5/arc   8%          2

Your spell library contained the following spells:

 Spells                   Type           Power      Damage    Failure   Level
 Scorch                   Fire           10%        2d5       17%         2
 Flame Wave               Conj/Fire      7%         2d5       65%         4
 Summon Cactus Giant      Summ           2%         N/A       100%        6


Dungeon Overview and Level Annotations

Branches:
Dungeon (4/15)
 Temple: D:4-7

Altars:
Dithmenos
Qazlal
Yredelemnul
Zin

Annotations:
D:3 1 runed translucent door, Crazy Yiuf


Message History

Press: ? - help, Shift-Dir - straight line, f - gnoll, p - gnoll
Aim: a gnoll, wielding a +0 spear (heavily wounded, 72% to hit)
The zap hits the gnoll.
The gnoll is severely wounded.
The zap hits the gnoll.
The gnoll is heavily wounded.
The gnoll hits you with a +0 club!
The gnoll hits you from afar with a +0 spear!
* * * LOW HITPOINT WARNING * * *
Okay, then.
Casting: Shock (safe; 4% risk of failure)
Confirm with . or Enter, or press ? or * to list all spells.
Aiming: Shock (safe; 4% risk of failure)
Press: ? - help, Shift-Dir - straight line, f/p - gnoll
Aim: a gnoll, wielding a +0 spear (severely wounded, 72% to hit)
The zap hits the gnoll.
You kill the gnoll!
The zap hits the gnoll.
The gnoll is severely wounded.
The gnoll barely misses you.
Casting: Shock (safe; 4% risk of failure)
Confirm with . or Enter, or press ? or * to list all spells.
Aiming: Shock (safe; 4% risk of failure)
Press: ? - help, Shift-Dir - straight line, f - gnoll
Aim: a gnoll, wielding a +0 club (severely wounded, 72% to hit)
The zap misses the gnoll.
The gnoll hits you with a +0 club.
* * * LOW HITPOINT WARNING * * *
Unknown command.
Casting: Shock (safe; 4% risk of failure)
Confirm with . or Enter, or press ? or * to list all spells.
You don't know that spell.
Casting: Shock (safe; 4% risk of failure)
Confirm with . or Enter, or press ? or * to list all spells.
Aiming: Shock (safe; 4% risk of failure)
Press: ? - help, Shift-Dir - straight line, f - gnoll, p - gnoll
Aim: a gnoll, wielding a +0 flail (severely wounded, 72% to hit)
The zap hits the gnoll.
The gnoll is severely wounded.
The gnoll completely misses you. The gnoll hits you with a +0 flail.
You die...

# #.####### #.†<.....
......##...##
#######..###
#########....##
######g........####
..#######...)g@#########
###.....[.#.######
.########......#
.##...##g...##....#
.#....g.g...## ##..
......g...†..#
.............#
.............#
.#..........##


You could see 2 gnolls.

Vanquished Creatures
  A gnoll bouda (D:4)
  2 gnolls (D:4)
  An adder (D:3)
  2 worms (D:2)
  2 dart slugs
  3 orcs (D:3)
  5 ball pythons
  An endoplasm (D:2)
  6 giant cockroaches
  7 goblins
  8 hobgoblins
  8 quokkas
  3 bats (D:1)
  2 frilled lizards
  4 kobolds
  24 rats
79 creatures vanquished.

Notes
Turn   | Place    | Note
-------+----------+-------------------------------------------
     0 | D:1      | DApurpleWHUMPUS the Deep Elf Air Elementalist began the
                  | quest for the Orb.
     0 | D:1      | Reached XP level 1. HP: 10/10 MP: 6/6
   450 | D:1      | Reached skill level 4 in Spellcasting
   450 | D:1      | Reached XP level 2. HP: 15/15 MP: 2/9
  1021 | D:1      | Reached skill level 1 in Fighting
  1086 | D:1      | Reached XP level 3. HP: 20/20 MP: 6/10
  2088 | D:3      | Learned a level 3 spell: Swiftness
  2270 | D:3      | Reached XP level 4. HP: 26/26 MP: 6/12
  2350 | D:3      | Learned a level 4 spell: Airstrike
  2353 | D:3      | Learned a level 2 spell: Static Discharge
  2373 | D:3      | Found a basalt altar of Yredelemnul.
  2730 | D:3      | Reached skill level 5 in Spellcasting
  2977 | D:3      | Found a shadowy altar of Dithmenos.
  2986 | D:3      | Found a stormy altar of Qazlal.
  3005 | D:3      | Found a glowing silver altar of Zin.
  3311 | D:3      | Found a runed translucent door.
  3312 | D:3      | Noticed Crazy Yiuf
  3553 | D:4      | Reached XP level 5. HP: 29/31 MP: 0/14
  3558 | D:4      | Slain by a gnoll

Illustrated notes

Levels and vault maps discovered:
D:1:      onia_arrival_pyramid, layout_basic, minmay_tiny_reverse_x
D:2:      layout_rooms, chequers_serial_rivers_large_b
D:3:      layout_rooms, amcnicky_altar_gilded, nicolae_overflow_hidden_temple,
          chequers_temple_overflow_statue_of_worship, kennysheep_small_spiral,
          minmay_rat_hole, uniq_crazy_yiuf_cottage
D:4:      corexii_shack_village, layout_rooms,
          minmay_temple_entry_enclosed_plants, enter_ossuary_4, uniq_menkaure,
          uniq_edmund, uniq_ijyb

Skill      XL: |  1  2  3  4 |
---------------+-------------+-----
Spellcasting   | 4 5 |  5.3
Fighting       | 1 2 |  2.7
Dodging        | |  2.4
Stealth        | |  2.4
Conjurations   | |  1.1
Air Magic      | |  3.0

Action                     |  1- 3 |  4- 6 || total
---------------------------+-------+-------++-------
  Melee: Unarmed           |     2 |    17 ||    19
   Cast: Shock             |   115 |    77 ||   192
         Swiftness         |       |     1 ||     1
    Use: Potion            |       |     1 ||     1
 Armour: Robe              |     8 |    15 ||    23
  Dodge: Dodged            |     7 |    10 ||    17

Table legend: (Time is in decaauts)
 A = Elapsed time spent in this place.
 B = Non-inter-level travel time spent in this place.
 C = Inter-level travel time spent in this place.
 D = Time resting spent in this place.
 E = Time spent auto-exploring this place.
 F = Levels seen in this place.
 G = Mean time per level.
                   A        B        C        D        E       F      G
               +--------+--------+--------+--------+--------+-----+--------+
         Total |   3601 |   3498 |    103 |    119 |   2974 |   4 |  900.2 |
       Dungeon |   3601 |   3498 |    103 |    119 |   2974 |   4 |  900.2 |
               +--------+--------+--------+--------+--------+-----+--------+

Top non-repeatable levels by time:
     D:1: 1330 daAuts
     D:3: 1293 daAuts
     D:2: 795 daAuts
     D:4: 183 daAuts
